 Dungeon Crawl Stone Soup version 0.21-a0-1-gaf3b9a5 (webtiles) character file.

3231 Duffy the Fighter (level 9, 0/139 HPs)
             Began as a Naga Wanderer on May 20, 2017.
             Slain by a hippogriff (2 damage)
             ... on level 6 of the Dungeon.
             The game lasted 00:10:50 (7875 turns).

Duffy the Fighter (Naga Wanderer)                   Turns: 7875, Time: 00:10:50

Health: 0/139      AC: 24    Str: 16    XL:     9   Next: 98%
Magic:  12/12      EV:  1    Int: 16    God:
Gold:   317        SH:  4    Dex:  9    Spells: 8/8 levels left

rFire    + . .     SeeInvis +   a - +2 hand crossbow
rCold    x . .     Gourm    .   d - +0 buckler
rNeg     + + +     Faith    .   (armour currently unavailable)
rPois    +         Spirit   .   (helmet currently unavailable)
rElec    +         Reflect  .   (cloak currently unavailable)
rCorr    .         Harm     .   (gloves currently unavailable)
MR       +....     NoTele   +   (no barding)
Stlth    +.........             (no amulet)
Regen    0.4/turn               s - ring of flight
MPRegen  0.2/turn               v - ring of Jeconois {Fire +Inv rElec rN+ Int+4 Dex-4}

@: tree-form
A: see invisible, slow metabolism 1, spit poison 1, AC +3
a: Spit Poison, Evoke Invisibility


You were on level 6 of the Dungeon.
You were not hungry.
You were a tree.
You visited 2 branches of the dungeon, and saw 7 of its levels.

You collected 317 gold pieces.

Inventory:

Hand Weapons
 a - a +2 hand crossbow (weapon)
 b - a +0 trident
 w - a +0 short sword
 B - a +2 rapier of venom
Missiles
 l - 25 bolts (quivered)
 t - 2 throwing nets
Armour
 c - a +0 ring mail
 d - a +0 buckler (worn)
 u - a +2 pair of gloves (melded)
 A - a +0 plate armour
 C - a +3 leather armour (melded)
 E - a +0 naga barding (melded)
Jewellery
 s - a ring of flight (left branch)
 v - the ring of Jeconois (right branch) {Fire +Inv rElec rN+ Int+4 Dex-4}
   (You found it on level 5 of the Dungeon)

   [ring of fire]

   It enhances your fire magic.
   It affects your intelligence (+4).
   It affects your dexterity (-4).
   It protects you from fire.
   It makes you vulnerable to cold.
   It insulates you from electricity.
   It protects you from negative energy.
   It lets you turn invisible.
Scrolls
 e - 3 scrolls of recharging
 i - 7 scrolls of teleportation
 n - a scroll of random uselessness {unknown}
 p - 4 scrolls of remove curse
 q - 2 scrolls of immolation
 x - a scroll of fear {unknown}
 y - a scroll of blinking {unknown}
 D - a scroll of vulnerability {unknown}
Potions
 g - a potion of agility
 k - 2 potions of flight
 m - 2 potions of lignification
 o - 4 potions of curing
Comestibles
 f - 5 bread rations
 h - 6 fruits
 j - 5 royal jellies
 r - a meat ration
 z - 3 chunks of flesh


   Skills:
 - Level 10.0 Fighting
 - Level 5.0 Crossbows
 + Level 5.5 Armour
 - Level 2.5 Shields
 - Level 5.0 Evocations


You had 8 spell levels left.
You didn't know any spells.

Dungeon Overview and Level Annotations

Branches:
Dungeon (6/15)             Temple (1/1) D:6

Altars:
Ashenzari
Cheibriados
Dithmenos
Gozag
Hepliaklqana
Makhleb
Okawaru
Trog
Wu Jian
Xom
Yredelemnul
Zin
Lugonu

Shops:
D:4 [   D:6 :

Annotations:
D:6 1 transporter


Innate Abilities, Weirdness & Mutations

You cannot wear boots.
((Your serpentine skin is tough. (AC +3)))
You have supernaturally acute eyesight. (SInv)
((Armour fits poorly on your strangely shaped body.))
((Your system is resistant to poisons. (rPois)))
((You cover ground very slowly.))
You have a slow metabolism.
You can spit poison.


Message History

The hippogriff claws you but does no damage.
Okay, then.
Firing (i - inventory. (,) - cycle):
l - 27 bolts (quivered)
Press: ? - help, Shift-Dir - straight line, f - hippogriff
Aim: a hippogriff You shoot a bolt.
The bolt hits the hippogriff.
The hippogriff is lightly wounded.
The hippogriff bites you but does no damage.
The hippogriff pecks you.
The hippogriff claws you but does no damage.
The orc hits you but does no damage.
Firing (i - inventory. (,) - cycle):
l - 26 bolts (quivered)
Press: ? - help, Shift-Dir - straight line, f - hippogriff
Aim: a hippogriff (lightly wounded)
You shoot a bolt. The bolt hits the hippogriff!
The hippogriff is moderately wounded.
The hippogriff bites you! The hippogriff barely misses you.
The hippogriff claws you. The orc hits you but does no damage. x2
The hippogriff bites you.
You die...

#......... #.....#............
#.......####.....#.....}..>..}
#................##)..^.......
#......#########..#...###.).##
#.....##...^...##.#.### #.}.#
#.....#8$......8#.#... #...#
##..#.#.(.......#.#.# ...###
##...#.[.....H.#...# #####
#...#_$....7o.#^..#
##..#.:.....).#..##
##.#.?..[...(#.##
#.#8)......8#.#
#.##.......##.#
#..#########..#
##...........## #############


You could see a hippogriff and an orc.

Vanquished Creatures
  A two-headed ogre (D:6)
  Sigmund (D:5)
  Eustachio (D:5)
  An ice beast (D:5)
  An orc warrior (D:6)
  4 ogres
  3 centaurs
  A bullfrog (D:6)
  3 scorpions
  3 howler monkeys (D:5)
  2 crimson imps
  A jelly (D:5)
  5 orc priests
  9 orc wizards
  3 bullfrog skeletons
  A gnoll shaman (D:6)
  An iguana (D:5)
  6 worker ants
  2 worker ant zombies (D:5)
  8 gnolls
  14 adders
  2 shadow imps
  2 oozes (D:2)
  An adder skeleton (D:5)
  7 worms
  2 dart slugs (D:2)
  8 leopard geckos
  15 orcs
  4 giant cockroaches
  6 goblins
  8 hobgoblins
  8 jackals
  3 quokkas
  A ball python (D:4)
  6 bats
  8 frilled lizards
  2 gnoll zombies (D:4)
  7 kobolds
  A leopard gecko skeleton (D:5)
  A quokka skeleton (D:4)
  7 rats
170 creatures vanquished.

Vanquished Creatures (others)
  5 dream sheep (D:5)
5 creatures vanquished.

Grand Total: 175 creatures vanquished

Notes
Turn   | Place    | Note
-------+----------+-------------------------------------------
     0 | D:1      | Duffy the Naga Wanderer began the quest for the Orb.
     0 | D:1      | Duffy set off with: a +2 hand crossbow, 23 bolts, a +0 ring mail, a +0 buckler, a bread ration
     0 | D:1      | Reached XP level 1. HP: 21/21 MP: 1/1
   663 | D:2      | Reached XP level 2. HP: 28/28 MP: 2/2
   836 | D:2      | Reached XP level 3. HP: 25/34 MP: 3/3
  1490 | D:2      | Reached XP level 4. HP: 39/42 MP: 4/4
  2098 | D:3      | Reached XP level 5. HP: 42/49 MP: 5/5
  3041 | D:3      | Reached skill level 4 in Fighting
  3091 | D:4      | Reached XP level 6. HP: 57/57 MP: 6/6
  3101 | D:4      | Found Teraor's Armour Boutique.
  3358 | D:4      | Reached skill level 5 in Fighting
  3578 | D:4      | Found a shattered altar of Ashenzari.
  3654 | D:4      | Reached skill level 5 in Crossbows
  3654 | D:4      | Reached XP level 7. HP: 60/67 MP: 7/7
  3937 | D:4      | Reached skill level 6 in Fighting
  4341 | D:4      | Reached skill level 7 in Fighting
  4655 | D:4      | Reached XP level 8. HP: 77/80 MP: 8/8
  4962 | D:4      | Found a basalt altar of Yredelemnul.
  4977 | D:5      | Entered Level 5 of the Dungeon
  5232 | D:5      | Got a transparent helmet
  5238 | D:5      | Identified the cursed -5 helmet of the Fifty Blessings {Stlth+} (You found it on level 5 of the Dungeon)
  5263 | D:5      | Got a pitted marble ring
  5320 | D:5      | Identified the ring of Jeconois {Fire +Inv rElec rN+ Int+4 Dex-4} (You found it on level 5 of the Dungeon)
  5354 | D:5      | Reached skill level 1 in Evocations
  5364 | D:5      | Reached skill level 8 in Fighting
  5588 | D:5      | Noticed Eustachio
  5688 | D:5      | Killed Eustachio
  6019 | D:5      | Reached skill level 9 in Fighting
  6025 | D:5      | Reached XP level 9. HP: 79/91 MP: 10/12
  6029 | D:5      | Noticed Sigmund
  6042 | D:5      | Killed Sigmund
  6248 | D:5      | Found a shimmering altar of Xom.
  6735 | D:5      | Reached skill level 5 in Evocations
  7343 | D:6      | Found Uturatak's Book Shoppe.
  7404 | D:6      | Reached skill level 10 in Fighting
  7709 | D:6      | Found a staircase to the Ecumenical Temple.
  7724 | Temple   | Entered the Ecumenical Temple
  7813 | D:6      | Noticed a two-headed ogre
  7817 | D:6      | Found a burning altar of Makhleb.
  7873 | D:6      | Killed a two-headed ogre
  7873 | D:6      | Reached skill level 5 in Armour
  7875 | D:6      | HP: 3/139 [hippogriff (7)]
  7875 | D:6      | Slain by a hippogriff

Vault maps used:
D:1:      grunt_arrival_crossed_arrows
D:2:      kennysheep_big_flooded_room
D:3:      first_bread, minmay_unequal
D:4:      lemuel_zombie_altar_yredelemnul, lemuel_doored_altar, serial_shops,
          shop, roderic_lattice_a
D:5:      minmay_opposing_rooms, kb_xom_exploding_sheep, uniq_eustachio,
          uniq_sigmund
D:6:      gammafunk_temple_overflow_arena, minmay_temple_entry_junction,
          serial_shops, nicolae_shop_behind_doors
Temple:   corrupted_temple

Skill      XL: |  1  2  3  4  5  6  7  8  9 |
---------------+----------------------------+-----
Crossbows      | 2 3 4 5 |  5.0
Shields        | 2 |  2.5
Fighting       | 4 5 7 9 10 | 10.0
Evocations     | 4 5 |  5.0
Armour         | 5 |  5.5

Action                   |  1- 3 |  4- 6 |  7- 9 || total
-------------------------+-------+-------+-------++-------
Melee: Short sword       |    55 |   107 |       ||   162
       Trident           |       |    49 |   266 ||   315
 Fire: Hand crossbow     |    40 |    54 |   207 ||   301
 Abil: Spit Poison       |       |    14 |    15 ||    29
  Use: Scroll            |       |     7 |     5 ||    12
       Potion            |       |       |     2 ||     2
  Eat: Chunk             |     1 |     6 |    12 ||    19
Armor: Ring mail         |    21 |    79 |   128 ||   228
       Leather armour    |       |       |   114 ||   114
       Skin              |       |       |    77 ||    77
Dodge: Dodged            |    42 |    69 |   194 ||   305
Block: Buckler           |    14 |    47 |    80 ||   141
